 Dungeon Crawl Stone Soup version 0.14-a0-2759-g5bb4bfe (webtiles) character file.

288 JEFFREY the Slasher (level 5, 0/38 HPs)
             Began as a Demonspawn Gladiator on Feb 23, 2014.
             Was an Initiate of Ashenzari.
             Slain by a gnoll
             ... wielding a +0,+0 flail
              (5 damage)
             ... on Level 3 of the Dungeon.
             The game lasted 00:13:35 (2294 turns).

JEFFREY the Slasher (Demonspawn Gladiator)          Turns: 2294, Time: 00:13:36

HP   0/38        AC  6     Str 15      XL: 5   Next: 32%
MP   0/5         EV 12     Int 10      God: Ashenzari [......]
Gold 109         SH  0     Dex 16      Spells:  0 memorised,  4 levels left

rFire  . . .     SeeInvis .     a - +0 falchion (curse)
rCold  . . .     Clarity  .     b - +0 leather armour
rNeg   . . .     Conserve .     (no shield)
rPois  .         rCorr    .     c - +0 helmet (curse)
rElec  .         rRot     .     o - +0 elf cloak
SustAb . .       Spirit   +     e - +0 pair of gloves (curse)
rMut   .         Warding  .     (no boots)
Saprov . . .     Stasis   .     (no amulet)
MR     .....                    i - cursed ring of sustenance
                                (no ring)

@: not resistant to hostile enchantments, fairly stealthy
A: talons 1, thin skeletal structure 1, magic shield
a: Renounce Religion


You were on level 3 of the Dungeon.
You worshipped Ashenzari.
Ashenzari was noncommittal.
You were not hungry.

You visited 1 branch of the dungeon, and saw 3 of its levels.

You collected 109 gold pieces.

Inventory:

Hand weapons
 a - a cursed +0,+0 falchion (weapon)
Missiles
 d - 3 throwing nets (quivered)
Armour
 b - a +0 leather armour (worn)
 c - a cursed +0 helmet (worn)
 e - a cursed +0 pair of gloves (worn)
 o - a +0 elven cloak (worn)
Comestibles
 f - 2 bread rations
 g - 2 meat rations
 j - a rotting chunk of giant newt flesh
 l - a chunk of giant gecko flesh
 q - a pear
Scrolls
 h - a scroll of remove curse
 k - a scroll of noise {unknown}
 n - 4 scrolls of identify
Jewellery
 i - a cursed ring of sustenance (right hand)
Potions
 m - a potion of heal wounds


   Skills:
 - Level 2.2 Fighting
 * Level 5.1 Long Blades
 - Level 1.7 Throwing
 - Level 3.1 Dodging


You had 4 spell levels left.
You didn't know any spells.

Dungeon Overview and Level Annotations

Branches:
Dungeon (3/16)

Altars:
Ashenzari
The Shining One


Innate Abilities, Weirdness & Mutations

You have sharp toenails.
You have a somewhat thin skeletal structure (Dex +2, Stlth).
When hurt, damage is shared between your health and your magic reserves.


Message History

The gnoll barely misses you.
You hit the gnoll but do no damage. Your kick misses the gnoll.
The gnoll barely misses you. The gnoll hits you but does no damage.
You slash the gnoll! You claw the gnoll.
You kill the gnoll!
The gnoll closely misses you.
You hit the gnoll. Your kick misses the gnoll.
The gnoll is almost dead.
The gnoll picks up an uncursed flail.
The gnoll wields an uncursed flail.
The gnoll closely misses you.
You barely miss the gnoll.
The gnoll is almost dead.
The gnoll hits you with an uncursed flail!
* * * LOW HITPOINT WARNING * * *
The gnoll hits you with a whip!
* * * LOW HITPOINT WARNING * * *
You hit the gnoll.
You kill the gnoll!
The gnoll hits you with an uncursed flail.
You die...

####'#### ######+###
#........ .........(#
#........ ...........#
+........ ...........+
#......%. ..=......$.#
#........
#...........#
#........ ##g#
#........ ###@)#
######'## #<..## #..#
#.### ##.# #.# #.. #.#
##. ###'######
########
#........######.......
+........##...+.......
#........'..###.......


You could see a gnoll.

Vanquished Creatures
  Jessica (D:2)
  3 gnolls (D:3)
  6 adders (D:2)
  A giant mite (D:1)
  3 giant geckos
  3 oozes
  6 bats
  3 giant cockroaches
  8 hobgoblins
  4 jackals (D:1)
  14 kobolds
  4 quokkas
  3 giant newts
  9 goblins
  4 rats
72 creatures vanquished.

Notes
Turn   | Place    | Note
--------------------------------------------------------------
     0 | D:1      | JEFFREY, the Demonspawn Gladiator, began the quest for the Orb.
     0 | D:1      | Reached XP level 1. HP: 16/16 MP: 1/1
   175 | D:1      | Reached skill level 3 in Long Blades
   265 | D:1      | Gained mutation: You have sharp toenails. [demonic ancestry]
   265 | D:1      | Reached XP level 2. HP: 9/22 MP: 2/2
   493 | D:1      | Gained mutation: You have a somewhat thin skeletal structure (Dex +2, Stlth). [demonic ancestry]
   493 | D:1      | Reached XP level 3. HP: 17/27 MP: 3/3
  1270 | D:2      | Reached skill level 4 in Long Blades
  1355 | D:2      | Gained mutation: When hurt, damage is shared between your health and your magic reserves. [demonic ancestry]
  1355 | D:2      | Reached XP level 4. HP: 29/33 MP: 4/4
  1491 | D:2      | Noticed Jessica
  1505 | D:2      | Killed Jessica
  1538 | D:2      | Found a shattered altar of Ashenzari.
  1538 | D:2      | Found a glowing golden altar of the Shining One.
  1544 | D:2      | Became a worshipper of Ashenzari the Shackled
  2091 | D:2      | Reached XP level 5. HP: 34/38 MP: 5/5
  2287 | D:3      | Reached skill level 5 in Long Blades
  2294 | D:3      | Slain by a gnoll

Action                   |  1- 3 |  4- 6 || total
-------------------------+-------+-------++-------
Melee: Falchion          |   111 |    91 ||   202
  Use: Scroll            |     7 |     6 ||    13
       Potion            |       |     2 ||     2
 Stab: Sleeping          |       |     7 ||     7
